 Dungeon Crawl Stone Soup version 0.30-a0-618-gd6c86c23d0 (webtiles) character file.

Game seed: 15355313314046135783

88 acebull12 the Trooper (level 4, -4/36 HPs)
             Began as a Human Cinder Acolyte on Jan 9, 2023.
             Was a High Priest of Ignis.
             Slain by an orc
             ... wielding a +0 trident
              (7 damage)
             ... on level 3 of the Dungeon.
             The game lasted 00:06:10 (2844 turns).

acebull12 the Trooper (Human Cinder Acolyte)        Turns: 2844, Time: 00:06:10

Health: -4/36      AC:  7    Str: 16    XL:     4   Next: 82%
Magic:  5/5        EV:  9    Int: 14    God:    Ignis [*****.]
Gold:   103        SH:  0    Dex:  9    Spells: 3/5 levels left

rFire   + . .      SeeInvis .    a - -1 falchion (flame)
rCold   . . .      Faith    .    (no shield)
rNeg    . . .      Spirit   .    l - +0 scale mail
rPois   .          Reflect  .    n - +0 helmet
rElec   .          Harm     .    (no cloak)
rCorr   .          Rampage  .    (no gloves)
Will    .....                    (no boots) Stlth
                                 (no amulet)
HPRegen 0.26/turn                (no ring)
MPRegen 0.09/turn                (no ring)

@: no status effects
A: no striking features
a: Renounce Religion, Fiery Armour, Foxfire Swarm, Rising Flame


You were on level 3 of the Dungeon.
You worshipped Ignis.
Ignis was extremely pleased with you.
You visited 1 branch of the dungeon, and saw 3 of its levels.

You collected 103 gold pieces.

Inventory:

Hand Weapons
 a - a -1 falchion of flaming (weapon)
Missiles
 c - 35 stones (quivered)
Armour
 b - a +0 robe
 i - a scarf of harm
 l - a +0 scale mail (worn)
 n - a +0 helmet (worn)
Scrolls
 d - a scroll of silence {unknown}
 f - 2 scrolls of identify {unknown}
 g - a scroll of enchant weapon {unknown}
 h - a scroll of magic mapping {unknown}
 o - a scroll of amnesia {unknown}
Potions
 e - a potion of haste {unknown}
 j - a potion of brilliance {unknown}
 k - a potion of degeneration {unknown}
 m - a potion of lignification {unknown}


   Skills:
 + Level 3.6 Fighting
 + Level 3.5 Long Blades
 * Level 1.2 Armour
 + Level 0.5 Dodging
 + Level 0.4 Stealth
 * Level 1.2 Spellcasting
 * Level 3.6 Fire Magic


You had 3 spell levels left.
You knew the following spells:

 Your Spells              Type           Power      Damage    Failure   Level
a - Scorch                Fire           22%        2d6       32%         2

Your spell library contained the following spells:

 Spells                   Type           Power      Damage    Failure   Level
 Freeze                   Ice            0%         1d3       67%         1
 Frozen Ramparts          Ice            0%         1d1       96%         3
 Hailstorm                Conj/Ice       0%         3d3       96%         3


Dungeon Overview and Level Annotations

Branches:
Dungeon (3/15)

Altars:
Uskayaw
Vehumet


Message History

You hit the orc but do no damage. The orc barely misses you.
You hit the orc but do no damage. You punch the orc, but do no damage.
The orc hits you with a +0 trident.
You barely miss the orc. The orc closely misses you.
You hit the orc but do no damage. The orc hits you with a +0 trident!
You hit the orc but do no damage. The orc closely misses you.
You hit the orc. You burn the orc.
The orc is heavily wounded.
The orc hits you with a +0 trident!
* * * LOW HITPOINT WARNING * * *
The orc closely misses you.
You hit the orc but do no damage.
The orc is heavily wounded.
The orc barely misses you.
You barely miss the orc.
The orc is heavily wounded.
The orc closely misses you.
You closely miss the orc.
The orc is heavily wounded.
The orc barely misses you.
You hit the orc but do no damage.
The orc is heavily wounded.
The orc hits you with a +0 trident.
* * * LOW HITPOINT WARNING * * *
You hit the orc but do no damage.
The orc is heavily wounded.
The orc hits you with a +0 trident.
* * * LOW HITPOINT WARNING * * *
You closely miss the orc.
The orc is heavily wounded.
The orc hits you with a +0 trident.
* * * LOW HITPOINT WARNING * * *
You hit the orc but do no damage.
The orc is heavily wounded.
The orc hits you with a +0 trident.
* * * LOW HITPOINT WARNING * * *
You hit the orc but do no damage.
The orc is heavily wounded.
The orc hits you with a +0 trident!
You die...

............
........... #..........
#.......... #........#.
#.......... #..o.......
#.@# #. ##.# #...
#.##...# #######
##....#
####.....######..#.###.
........##.....^......
###.####....###....>..#
..†.†..#..............#
#
.......#.##...........#
########.


You could see an orc.

Vanquished Creatures
  Jessica (D:3)
  Robin (D:2)
  2 dart slugs (D:1)
  3 ball pythons
  2 bats (D:1)
  3 endoplasms
  A giant cockroach (D:1)
  12 goblins
  4 hobgoblins
  6 kobolds
  2 quokkas
  2 frilled lizards
  3 rats
42 creatures vanquished.

Notes
Turn   | Place    | Note
-------+----------+-------------------------------------------
     0 | D:1      | acebull12 the Human Cinder Acolyte began the quest for the
                  | Orb.
     0 | D:1      | Reached XP level 1. HP: 18/18 MP: 2/2
   103 | D:1      | Reached XP level 2. HP: 21/24 MP: 3/3
   516 | D:1      | Reached XP level 3. HP: 27/29 MP: 4/4
   519 | D:1      | Learned a level 2 spell: Scorch
  1297 | D:2      | Found a radiant altar of Vehumet.
  1809 | D:2      | Noticed Robin
  1923 | D:2      | Killed Robin
  1924 | D:2      | Reached XP level 4. HP: 28/36 MP: 5/5
  2570 | D:3      | Noticed Jessica
  2697 | D:3      | Killed Jessica
  2698 | D:3      | Reached skill level 1 in Armour
  2792 | D:3      | Found a hide-covered altar of Uskayaw.
  2844 | D:3      | Slain by an orc

Illustrated notes

Levels and vault maps discovered:
D:1:      minmay_arrival_doors, layout_basic
D:2:      layout_basic, basic_altar, wander_ebering_terrifying_dragon_lair,
          uniq_robin
D:3:      layout_rooms, nicolae_uskayaw_murder_on_the_dancefloor, uniq_jessica

Skill      XL: |  1  2  3  4 |
---------------+-------------+-----
Armour         | 1 |  1.2
Fighting       | |  3.6
Long Blades    | |  3.5
Dodging        | |  0.5
Stealth        | |  0.4
Spellcasting   | |  1.2
Fire Magic     | |  3.6

Action                   |  1- 3 |  4- 6 || total
-------------------------+-------+-------++-------
Melee: Falchion          |   100 |    76 ||   176
       Punch             |       |     1 ||     1
 Cast: Scorch            |     7 |       ||     7
Armor: Robe              |    21 |       ||    21
       Scale mail        |     9 |    38 ||    47
Dodge: Dodged            |    61 |    38 ||    99

Table legend: (Time is in decaauts)
 A = Elapsed time spent in this place.
 B = Non-inter-level travel time spent in this place.
 C = Inter-level travel time spent in this place.
 D = Time resting spent in this place.
 E = Time spent auto-exploring this place.
 F = Levels seen in this place.
 G = Mean time per level.
                   A        B        C        D        E       F      G
               +--------+--------+--------+--------+--------+-----+--------+
         Total |   2880 |   2689 |    191 |    239 |   1850 |   3 |  960.0 |
       Dungeon |   2880 |   2689 |    191 |    239 |   1850 |   3 |  960.0 |
               +--------+--------+--------+--------+--------+-----+--------+

Top non-repeatable levels by time:
     D:2: 1504 daAuts
     D:1: 1181 daAuts
     D:3: 194 daAuts
